[Event "Turkish Club Cup 2019"]
[Site "Konya"]
[Date "2019.07.18"]
[Round "5"]
[White "Cevrin, Muhammed Cemre"]
[Black "Salman, Ilhan Serhat"]
[Result "1-0"]
[ECO "B20"]
[WhiteElo "1860"]
[BlackElo "1950"]
[Annotator "NA"]
[PlyCount "59"]
[EventDate "2019.07.16"]
[EventType "team-tourn"]
[EventCountry "TUR"]
[SourceTitle "playchess.com"]
[Source "ChessBase"]
[SourceQuality "1"]
[TimeControl "5400+30"]

1. e4 c5 2. b3 Nc6 3. Bb2 d6 4. Nc3 Nf6 5. Bb5 Bd7 6. d3 g6 7. Nf3 Bg7 8. O-O O-O 9. Ne2 a6 10. Bxc6 Bxc6 11. c4 Qc7 12. Qc2 b6 13. Ng3 Qb7 14. Nh4 e6 15. f4 d5 16. cxd5 exd5 17. e5 Nd7 18. d4 cxd4 19. Bxd4 f5 20. Nhxf5 gxf5 21. Nxf5 Bb5 22. Rf3 Rxf5 23. Qxf5 Nf8 24. Qg4 Be2 25. f5 Bxf3 26. gxf3 Ra7 27. Kh1 Kh8 28. f6 Bh6 29. e6 Nxe6 30. f7+ 1-0

[Event "Turkish Club Cup 2019"]
[Site "Konya"]
[Date "2019.07.18"]
[Round "5"]
[White "Kiziltas, Inanc Vefa"]
[Black "Subasi, Cagrican"]
[Result "1/2-1/2"]
[ECO "E91"]
[WhiteElo "1858"]
[BlackElo "1871"]
[Annotator "NA RC"]
[PlyCount "111"]
[EventDate "2019.07.16"]
[EventType "team-tourn"]
[EventCountry "TUR"]
[SourceTitle "playchess.com"]
[Source "ChessBase"]
[SourceQuality "1"]
[TimeControl "5400+30"]

1. Nf3 Nf6 2. c4 g6 3. e3 Bg7 4. Be2 O-O 5. O-O c5 6. Nc3 d6 7. d4 Nc6 8. d5 Ne5 9. Nxe5 dxe5 10. e4 Ne8 11. Be3 b6 12. Qd2 Nd6 13. Bh6 a6 14. a4 Bd7 15. Bxg7 Kxg7 16. f4 exf4 17. Qxf4 f6 18. h4 Nf7 19. g4 Qb8 20. Qe3 Qe5 21. Rad1 Nd6 22. Rf2 Rab8 23. Rg2 h6 24. Bd3 b5 25. Qxc5 bxc4 26. Bb1 Rb7 27. Qa5 Rfb8 28. Rdd2 Rb3 29. Ba2 R3b6 30. Qc5 R6b7 31. Bb1 g5 32. h5 Rb4 33. Qa7 R8b7 34. Qxa6 Qf4 35. e5 fxe5 36. Bg6 Bxg4 37. Rdf2 Qc1+ 38. Kh2 Rxb2 39. Ne4 R2b6 40. Qa8 Rb8 41. Qa7 R6b7 42. Qa6 Qa3 43. Rxg4 Qe3 44. Rgg2 Rb3 45. Rg3 Qd4 46. Rgg2 Nxe4 47. Rf7+ Kg8 48. Bh7+ Kh8 49. Qxh6 Rh3+ 50. Kxh3 Nf2+ 51. Rgxf2 Qh4+ 52. Kg2 Qg4+ 53. Kh2 Qh4+ 54. Kg2 Qg4+ 55. Kh1 Qh3+ 56. Rh2 1/2-1/2

[Event "Turkish Club Cup 2019"]
[Site "Konya"]
[Date "2019.07.18"]
[Round "5"]
[White "Ozoglu, Berker"]
[Black "Ulusoy, Kemal"]
[Result "1-0"]
[ECO "C00"]
[WhiteElo "1854"]
[BlackElo "1563"]
[Annotator "NA"]
[PlyCount "55"]
[EventDate "2019.07.16"]
[EventType "team-tourn"]
[EventCountry "TUR"]
[SourceTitle "playchess.com"]
[Source "ChessBase"]
[SourceQuality "1"]
[TimeControl "5400+30"]

1. e4 e6 2. Qe2 d5 3. exd5 Qxd5 4. Nc3 Qd8 5. g3 Bd7 6. Bg2 Bc6 7. Nf3 Nf6 8. O-O Bd6 9. d4 O-O 10. Bg5 Nbd7 11. Ne5 Bxg2 12. Kxg2 Be7 13. Rad1 c6 14. h4 Nd5 15. Bxe7 Qxe7 16. Ne4 Nxe5 17. dxe5 Rad8 18. c4 f5 19. cxd5 fxe4 20. d6 Qd7 21. Qxe4 Rf7 22. Rc1 Rdf8 23. f4 Qd8 24. Qc4 Qd7 25. Rc3 Rc8 26. f5 Re8 27. Rcf3 Qc8 28. fxe6 1-0

[Event "Turkish Club Cup 2019"]
[Site "Konya"]
[Date "2019.07.18"]
[Round "5"]
[White "Yuksel, Davut Can"]
[Black "Kara, Ali Barkin"]
[Result "1/2-1/2"]
[ECO "A52"]
[WhiteElo "1845"]
[BlackElo "1749"]
[Annotator "NA"]
[PlyCount "64"]
[EventDate "2019.07.16"]
[EventType "team-tourn"]
[EventCountry "TUR"]
[SourceTitle "playchess.com"]
[Source "ChessBase"]
[SourceQuality "1"]
[TimeControl "5400+30"]

1. d4 Nf6 2. c4 e5 3. dxe5 Ng4 4. Bf4 d6 5. Nf3 Nc6 6. h3 Ngxe5 7. Nxe5 Nxe5 8. e3 Be6 9. Qb3 Rb8 10. Nc3 Nd7 11. Be2 g6 12. O-O Bg7 13. Rfd1 O-O 14. Qc2 g5 15. Bh2 f5 16. Nb5 f4 17. exf4 gxf4 18. Nd4 Qe7 19. Nxe6 Qxe6 20. Bg4 Qe7 21. Bf5 Be5 22. Be4 Nc5 23. Bd5+ Kh8 24. Rab1 c6 25. b4 Nd7 26. Be4 Rg8 27. Bf3 Rg7 28. Re1 Qg5 29. Kf1 Rf8 30. b5 c5 31. Rbd1 Nf6 32. Rd3 Nd7 1/2-1/2

[Event "Turkish Club Cup 2019"]
[Site "Konya"]
[Date "2019.07.18"]
[Round "5"]
[White "Unlu, Alp Bugra"]
[Black "Kucuk, Dogan"]
[Result "0-1"]
[ECO "C41"]
[WhiteElo "1832"]
[BlackElo "2028"]
[Annotator "NA RC"]
[PlyCount "106"]
[EventDate "2019.07.16"]
[EventType "team-tourn"]
[EventCountry "TUR"]
[SourceTitle "playchess.com"]
[Source "ChessBase"]
[SourceQuality "1"]
[TimeControl "5400+30"]

1. e4 e5 2. Nf3 d6 3. d4 Nd7 4. c3 Ngf6 5. Nbd2 Be7 6. Bc4 O-O 7. O-O c6 8. Bb3 h6 9. Re1 Re8 10. Nf1 Qc7 11. Ng3 Nf8 12. Qc2 Ng6 13. h3 Bf8 14. dxe5 dxe5 15. Be3 Nd7 16. Rad1 Nc5 17. Bc4 b5 18. Bf1 Be6 19. Rd2 a5 20. b3 a4 21. b4 Nd7 22. Red1 Nb6 23. Nf5 Red8 24. h4 Rxd2 25. Qxd2 Nc4 26. Bxc4 Bxc4 27. g3 f6 28. h5 Ne7 29. N3h4 Nxf5 30. Nxf5 Qf7 31. Ra1 Qxh5 32. Kg2 a3 33. Rh1 Qf7 34. Qd1 Kh7 35. Rh2 Be6 36. g4 Kg8 37. Qf3 Rd8 38. Rh4 Rd3 39. Qg3 Bxa2 40. Qh2 Qg6 41. f3 Be6 42. Kf2 Rd1 43. Kg3 a2 44. Bxh6 a1=Q 45. Be3 Rd8 46. Rh8+ Kf7 47. Nh4 Qe1+ 48. Bf2 Qexe4 49. Nxg6 Qxg6 50. Bb6 Rd3 51. Qh4 e4 52. Bc5 Rxf3+ 53. Kh2 Bxc5 0-1

[Event "Turkish Club Cup 2019"]
[Site "Konya"]
[Date "2019.07.18"]
[Round "5"]
[White "Gonullu, Muhammed Sinan"]
[Black "Celik, Musa"]
[Result "1-0"]
[ECO "D00"]
[WhiteElo "1823"]
[BlackElo "1773"]
[Annotator "NA"]
[PlyCount "89"]
[EventDate "2019.07.16"]
[EventType "team-tourn"]
[EventCountry "TUR"]
[SourceTitle "playchess.com"]
[Source "ChessBase"]
[SourceQuality "1"]
[TimeControl "5400+30"]

1. d4 Nf6 2. Bg5 d5 3. Bxf6 exf6 4. e3 g6 5. c4 dxc4 6. Bxc4 Bg7 7. Nc3 f5 8. Nge2 c6 9. a4 Nd7 10. O-O O-O 11. b4 Nf6 12. Qb3 Qe7 13. Rac1 Rd8 14. Rfd1 Bh6 15. h3 Be6 16. Bxe6 fxe6 17. b5 Nd5 18. Nxd5 cxd5 19. Rc5 Bf8 20. Rdc1 b6 21. Rc6 g5 22. Qc3 Kf7 23. Rc7 Rd7 24. Rxd7 Qxd7 25. Qc7 Ke8 26. Rc6 Qxc7 27. Rxc7 Be7 28. g4 fxg4 29. hxg4 Kd8 30. Rc6 Kd7 31. Kg2 Rh8 32. Ng3 Bd6 33. Nh5 Rf8 34. f3 h6 35. Rc1 Rh8 36. e4 dxe4 37. fxe4 Rf8 38. e5 Ba3 39. Rc2 Rc8 40. Nf6+ Kd8 41. Rxc8+ Kxc8 42. Kf3 Kd8 43. Ke4 Bf8 44. d5 Ke7 45. Nh5 1-0

[Event "Turkish Club Cup 2019"]
[Site "Konya"]
[Date "2019.07.18"]
[Round "5"]
[White "Saridag, Omer Melih"]
[Black "Polat, Ahmet Eren"]
[Result "1-0"]
[ECO "A54"]
[WhiteElo "1820"]
[BlackElo "1651"]
[Annotator "NA"]
[PlyCount "63"]
[EventDate "2019.07.16"]
[EventType "team-tourn"]
[EventCountry "TUR"]
[SourceTitle "playchess.com"]
[Source "ChessBase"]
[SourceQuality "1"]
[TimeControl "5400+30"]

1. d4 d6 2. Nf3 Nf6 3. e3 Nbd7 4. c4 e5 5. Be2 Be7 6. O-O O-O 7. Nc3 c6 8. Qc2 Qc7 9. b4 Re8 10. a4 a5 11. b5 Bf8 12. Ba3 exd4 13. exd4 Nb6 14. Bd3 g6 15. Rab1 Bg4 16. Nd2 d5 17. Bxf8 Kxf8 18. c5 Nc8 19. h3 Bd7 20. Nf3 Nh5 21. Ne2 Ng7 22. Qd2 f6 23. b6 Qb8 24. Qh6 Kg8 25. Nh4 Ne7 26. g4 f5 27. Nf3 fxg4 28. Ng5 Be6 29. Qxh7+ Kf8 30. Nxe6+ Nxe6 31. hxg4 Nf4 32. Qh6+ 1-0

[Event "Turkish Club Cup 2019"]
[Site "Konya"]
[Date "2019.07.18"]
[Round "5"]
[White "Gundogan, Sinem Cagla"]
[Black "Yanik, Emine"]
[Result "1-0"]
[ECO "B01"]
[WhiteElo "1806"]
[BlackElo "1911"]
[Annotator "NA RC"]
[PlyCount "83"]
[EventDate "2019.07.16"]
[EventType "team-tourn"]
[EventCountry "TUR"]
[SourceTitle "playchess.com"]
[Source "ChessBase"]
[SourceQuality "1"]
[TimeControl "5400+30"]

1. e4 d5 2. exd5 Qxd5 3. Nc3 Qd8 4. d4 Nf6 5. Nf3 Bg4 6. h3 Bxf3 7. Qxf3 c6 8. Be3 e6 9. O-O-O Nbd7 10. Bc4 Be7 11. Bb3 Qc7 12. h4 O-O-O 13. h5 h6 14. Ne2 Nb6 15. Kb1 Kb8 16. c4 Ka8 17. Bf4 Qd7 18. Be5 Qc8 19. Nc3 Nbd7 20. Bg3 Bb4 21. Bc2 Rhe8 22. a3 Ba5 23. Bh4 e5 24. Bf5 exd4 25. Rxd4 Ne5 26. Qh3 Qc7 27. Rhd1 Rxd4 28. Rxd4 Qb6 29. Bxf6 Qxd4 30. Bxg7 Qxc4 31. Qe3 Bxc3 32. Qxc3 Qd5 33. g4 Nc4 34. Bxh6 Qh1+ 35. Ka2 Qd5 36. Kb1 Rd8 37. Bg5 Rg8 38. h6 Qd1+ 39. Bc1 Nxa3+ 40. bxa3 a6 41. h7 Rd8 42. h8=Q 1-0

[Event "Turkish Club Cup 2019"]
[Site "Konya"]
[Date "2019.07.18"]
[Round "5"]
[White "Peker, Serdar"]
[Black "Soylemez, Baris"]
[Result "0-1"]
[ECO "B18"]
[WhiteElo "1797"]
[BlackElo "1633"]
[Annotator "NA"]
[PlyCount "83"]
[EventDate "2019.07.16"]
[EventType "team-tourn"]
[EventCountry "TUR"]
[SourceTitle "playchess.com"]
[Source "ChessBase"]
[SourceQuality "1"]
[TimeControl "5400+30"]

1. e4 c6 2. d4 d5 3. Nc3 dxe4 4. Nxe4 Bf5 5. Ng3 Bg6 6. h4 h6 7. Bc4 e6 8. N1e2 Bd6 9. Bf4 Nf6 10. Qd2 Nd5 11. Bxd6 Qxd6 12. a3 Nd7 13. h5 Bh7 14. Bb3 O-O-O 15. c4 N5f6 16. Qa5 Kb8 17. Rh4 Qe7 18. Rh3 c5 19. d5 exd5 20. cxd5 Ne5 21. Kf1 c4 22. Ba4 Rxd5 23. Qc3 Bd3 24. Kg1 Rhd8 25. Nf4 Rd4 26. Nfe2 Bxe2 27. Nxe2 Rd3 28. Rxd3 Rxd3 29. Qc1 Nxh5 30. Nf4 Nxf4 31. Qxf4 Qg5 32. Qh2 Kc8 33. Kf1 Ng4 34. Qh1 Rd2 35. Qh3 Qf5 36. f3 Ne3+ 37. Ke1 Nxg2+ 38. Kxd2 Qxh3 39. Kc3 Qxf3+ 40. Kb4 Ne3 41. Re1 Qf2 42. Rh1 0-1

[Event "Turkish Club Cup 2019"]
[Site "Konya"]
[Date "2019.07.18"]
[Round "5"]
[White "Ertekin, Ramazan"]
[Black "Turan, Ercan"]
[Result "1-0"]
[ECO "B12"]
[WhiteElo "1780"]
[BlackElo "1673"]
[Annotator "NA"]
[PlyCount "67"]
[EventDate "2019.07.16"]
[EventType "team-tourn"]
[EventCountry "TUR"]
[SourceTitle "playchess.com"]
[Source "ChessBase"]
[SourceQuality "1"]
[TimeControl "5400+30"]

1. e4 c6 2. d4 d5 3. e5 Bf5 4. Nf3 e6 5. Be2 Ne7 6. O-O Nd7 7. c4 dxc4 8. Bxc4 Nd5 9. Nc3 Be7 10. a3 O-O 11. Bd2 N5b6 12. Ba2 c5 13. Qe2 cxd4 14. Nxd4 Bg6 15. Bf4 Bc5 16. Rfd1 Qh4 17. g3 Qh3 18. Ne4 h6 19. f3 Nd5 20. Bxd5 exd5 21. Nxc5 Nxc5 22. Be3 Ne6 23. Nb5 a6 24. Nd6 b5 25. Rxd5 f6 26. Qg2 Qh5 27. f4 Rad8 28. exf6 Ng5 29. fxg5 hxg5 30. Rxg5 Qh7 31. fxg7 Qxg7 32. Qd5+ Kh7 33. Bd4 Qe7 34. Rh5+ 1-0

[Event "Turkish Club Cup 2019"]
[Site "Konya"]
[Date "2019.07.18"]
[Round "5"]
[White "Yurdakul, Didem Nuray"]
[Black "Kalayci, Nino"]
[Result "0-1"]
[ECO "C06"]
[WhiteElo "1779"]
[BlackElo "1855"]
[Annotator "NA RC"]
[PlyCount "103"]
[EventDate "2019.07.16"]
[EventType "team-tourn"]
[EventCountry "TUR"]
[SourceTitle "playchess.com"]
[Source "ChessBase"]
[SourceQuality "1"]
[TimeControl "5400+30"]

1. e4 e6 2. d4 d5 3. Nd2 c5 4. Ngf3 Nf6 5. e5 Nfd7 6. c3 a6 7. Bd3 Nc6 8. O-O Qb6 9. Re1 cxd4 10. cxd4 Nxd4 11. Nxd4 Qxd4 12. Nf3 Qb6 13. Qa4 Qb4 14. Qc2 h6 15. Be3 Nc5 16. Be2 Bd7 17. Rac1 Rc8 18. Qb1 Be7 19. a3 Qe4 20. Qxe4 Nxe4 21. Rxc8+ Bxc8 22. Rc1 O-O 23. Rc7 Re8 24. Bd3 f5 25. Bxe4 fxe4 26. Nd4 Kf8 27. Ne2 g5 28. Nc3 Rd8 29. Bd4 b5 30. b4 Bd7 31. Kf1 Be8 32. Ke1 Ra8 33. Bc5 Bxc5 34. Rxc5 a5 35. Nxb5 axb4 36. axb4 Ra1+ 37. Kd2 Ra2+ 38. Ke1 Ra1+ 39. Kd2 Ra2+ 40. Ke3 Bxb5 41. Rxb5 Kf7 42. Rb7+ Kg6 43. b5 Kf5 44. Kd4 Rd2+ 45. Kc5 Kxe5 46. b6 Rc2+ 47. Kb4 Rxf2 48. Rc7 Rb2+ 49. Kc5 e3 50. Ra7 e2 51. Ra1 Ke4 52. b7 0-1

[Event "Turkish Club Cup 2019"]
[Site "Konya"]
[Date "2019.07.18"]
[Round "5"]
[White "Cakir, Ege"]
[Black "Yenicirak, Gokdeniz Ege"]
[Result "1/2-1/2"]
[ECO "D03"]
[WhiteElo "1765"]
[BlackElo "1636"]
[Annotator "NA"]
[PlyCount "61"]
[EventDate "2019.07.16"]
[EventType "team-tourn"]
[EventCountry "TUR"]
[SourceTitle "playchess.com"]
[Source "ChessBase"]
[SourceQuality "1"]
[TimeControl "5400+30"]

1. d4 Nf6 2. Nf3 e6 3. Bg5 Be7 4. e3 O-O 5. Bd3 d5 6. O-O c5 7. c3 Nbd7 8. Nbd2 h6 9. Bh4 b6 10. Ne5 Nxe5 11. dxe5 Nd7 12. Bxe7 Qxe7 13. f4 f5 14. exf6 Nxf6 15. Nf3 Ng4 16. Qe2 e5 17. fxe5 Nxe5 18. Nxe5 Rxf1+ 19. Rxf1 Qxe5 20. e4 Be6 21. exd5 Qxe2 22. Bxe2 Bxd5 23. a3 Re8 24. Bb5 Re7 25. Rd1 Be6 26. Rd8+ Kf7 27. Kf2 Kf6 28. Re8 Rxe8 29. Bxe8 Bc4 30. Ke3 Ke5 31. g3 1/2-1/2

[Event "Turkish Club Cup 2019"]
[Site "Konya"]
[Date "2019.07.18"]
[Round "5"]
[White "Asan, Elvan"]
[Black "Tuncer, Duru"]
[Result "1-0"]
[ECO "D10"]
[WhiteElo "1760"]
[BlackElo "1520"]
[Annotator "NA"]
[PlyCount "69"]
[EventDate "2019.07.16"]
[EventType "team-tourn"]
[EventCountry "TUR"]
[SourceTitle "playchess.com"]
[Source "ChessBase"]
[SourceQuality "1"]
[TimeControl "5400+30"]

1. d4 d5 2. Bf4 Bf5 3. e3 Nf6 4. c4 c6 5. Nc3 e6 6. Qb3 Qb6 7. c5 Qxb3 8. axb3 Nbd7 9. b4 Ne4 10. Nxe4 Bxe4 11. f3 Bg6 12. b5 Nxc5 13. dxc5 Bxc5 14. bxc6 bxc6 15. Ba6 Kd7 16. Ne2 f6 17. Bb7 Raf8 18. Kf2 e5 19. Rhc1 Rb8 20. Rxc5 Rxb7 21. Bg3 Ra8 22. Nc3 Rxb2+ 23. Kg1 Kd6 24. Rca5 Rb7 25. Ra6 Bd3 26. R6a3 Bc4 27. Rd1 Ke6 28. Na4 Kd6 29. Nc3 Ke6 30. Na4 Kd6 31. e4 d4 32. Rxd4+ Bd5 33. exd5 cxd5 34. Nc3 Ke6 35. Rxd5 1-0

[Event "Turkish Club Cup 2019"]
[Site "Konya"]
[Date "2019.07.18"]
[Round "5"]
[White "Senyuz, Mustafa Zorbey"]
[Black "Cetinkaya, Vedat Ali"]
[Result "0-1"]
[ECO "B06"]
[WhiteElo "1754"]
[BlackElo "2074"]
[Annotator "NA"]
[PlyCount "128"]
[EventDate "2019.07.16"]
[EventType "team-tourn"]
[EventCountry "TUR"]
[SourceTitle "playchess.com"]
[Source "ChessBase"]
[SourceQuality "1"]
[TimeControl "5400+30"]

1. e4 d6 2. d4 g6 3. Nc3 Bg7 4. Be3 Nd7 5. Bc4 Ngf6 6. f3 c6 7. a4 d5 8. exd5 Nb6 9. Bb3 Nbxd5 10. Nxd5 Nxd5 11. Bf2 O-O 12. Ne2 Bh6 13. Bxd5 Qxd5 14. O-O Be6 15. Nc3 Qc4 16. Ne4 Rad8 17. b3 Qb4 18. c3 Qa5 19. b4 Qd5 20. Bh4 f6 21. Re1 Bc8 22. Qe2 b6 23. Bf2 Rfe8 24. c4 Qf7 25. Rad1 f5 26. Nc3 Bg7 27. Nb1 Bf6 28. Na3 Rd6 29. Nc2 Red8 30. Kh1 Re6 31. Qf1 Rxe1 32. Rxe1 Be6 33. Na3 Bxd4 34. Rd1 c5 35. bxc5 bxc5 36. Bxd4 cxd4 37. Qf2 Qf6 38. h3 a6 39. Re1 d3 40. Qd2 Bf7 41. f4 Qd6 42. Nb1 Bxc4 43. Re5 e6 44. Qc3 Qd4 45. Qd2 Rb8 46. Nc3 Rb3 47. Nd1 Rb1 48. Kh2 Bb3 49. Nc3 Rf1 50. Ne2 Qd6 51. Nc3 Bc2 52. Qe3 d2 53. Rxe6 Qxf4+ 54. Qxf4 Rxf4 55. Rd6 Rc4 56. Rxd2 Rxc3 57. Rd6 Bxa4 58. Rxa6 Bc6 59. Ra2 h5 60. h4 Kf7 61. Ra7+ Kf6 62. Ra2 Ke5 63. Re2+ Be4 64. Ra2 Rc2 0-1

[Event "Turkish Club Cup 2019"]
[Site "Konya"]
[Date "2019.07.18"]
[Round "5"]
[White "Demirbas, Fatih"]
[Black "Sevinc, Mesut"]
[Result "1-0"]
[ECO "B22"]
[WhiteElo "1742"]
[BlackElo "1703"]
[Annotator "NA"]
[PlyCount "73"]
[EventDate "2019.07.16"]
[EventType "team-tourn"]
[EventCountry "TUR"]
[SourceTitle "playchess.com"]
[Source "ChessBase"]
[SourceQuality "1"]
[TimeControl "5400+30"]

1. e4 c5 2. c3 d6 3. d4 cxd4 4. cxd4 e6 5. Nf3 a6 6. Bd3 Nf6 7. O-O Nbd7 8. Nc3 b5 9. e5 dxe5 10. dxe5 Ng8 11. Ne4 Bb7 12. Be3 h6 13. a4 b4 14. a5 Be7 15. Qa4 Kf8 16. Rfd1 Bd5 17. Rac1 f5 18. Nc5 Nxc5 19. Bxc5 b3 20. Bb6 Qe8 21. Qxe8+ Kxe8 22. Bxf5 Kf7 23. Bd3 Bxf3 24. gxf3 Bg5 25. Rc7+ Ne7 26. Bc4 Rac8 27. Rd6 Rxc7 28. Bxe6+ Kg6 29. Bxc7 Kh5 30. Bg4+ Kh4 31. Rd4 Bc1 32. Be6+ Kh5 33. Bxb3 Bxb2 34. Rd7 Nf5 35. Bf7+ g6 36. e6 Bf6 37. Rd5 1-0

[Event "Turkish Club Cup 2019"]
[Site "Konya"]
[Date "2019.07.18"]
[Round "5"]
[White "Keskin, Osman Orcun"]
[Black "Taskin, Arda"]
[Result "0-1"]
[ECO "D35"]
[WhiteElo "1719"]
[BlackElo "1723"]
[Annotator "NA RC"]
[PlyCount "246"]
[EventDate "2019.07.16"]
[EventType "team-tourn"]
[EventCountry "TUR"]
[SourceTitle "playchess.com"]
[Source "ChessBase"]
[SourceQuality "1"]
[TimeControl "5400+30"]

1. d4 d5 2. Nf3 Nf6 3. c4 e6 4. Nc3 Be7 5. Bg5 c6 6. e3 Nbd7 7. cxd5 exd5 8. Bd3 O-O 9. O-O Re8 10. Rb1 b6 11. b4 Bb7 12. Qc2 h6 13. Bh4 Qc8 14. Rfc1 c5 15. bxc5 bxc5 16. dxc5 Nxc5 17. Bf5 Qd8 18. Bxf6 Bxf6 19. Na4 Nxa4 20. Rxb7 Nb6 21. Qc7 Re7 22. Qxd8+ Rxd8 23. Rxe7 Bxe7 24. Rc7 Bd6 25. Rxa7 g6 26. Bd3 Rc8 27. g3 Nc4 28. Ra6 Be7 29. Nd4 Ne5 30. Be2 Nc4 31. Bf3 Rc5 32. Rc6 Ra5 33. Bxd5 Nxe3 34. Rc8+ Kg7 35. Bb3 Nf5 36. Nc6 Ra6 37. Rc7 Bd6 38. Rxf7+ Kh8 39. Nd8 Nd4 40. Rb7 Bc5 41. Nf7+ Kg7 42. Ne5+ Kh8 43. Rb8+ Kh7 44. Bc4 Ra7 45. Rd8 Re7 46. Rd7 Nf3+ 47. Kf1 Nxe5 48. Rxe7+ Bxe7 49. Be2 Kg7 50. a4 Bd8 51. f4 Nd7 52. h4 h5 53. Kg2 Kf6 54. Kh3 Nc5 55. g4 hxg4+ 56. Bxg4 Nd3 57. Kg3 Bc7 58. Bd7 Bxf4+ 59. Kg4 Bc7 60. Be8 Ne5+ 61. Kh3 Kf5 62. h5 g5 63. Kg2 Kf6 64. Kh3 Kf5 65. Kg2 Kf6 66. Kh3 Kg7 67. Kg3 Kh6 68. Kh3 Nd3 69. Bf7 Nc5 70. Be8 Ne4 71. Bc6 Nf6 72. Bf3 Nxh5 73. Kg4 Ng7 74. Be4 Ne8 75. Bc2 Bd8 76. Bb1 Nd6 77. Bd3 Nf7 78. Bc2 Kg7 79. Bd1 Kf6 80. Bc2 Ne5+ 81. Kg3 Nc4 82. Bd3 Na5 83. Kf3 Ke5 84. Bb5 Kd5 85. Ke3 Kc5 86. Bd7 Kb4 87. Ke4 Nb7 88. Bg4 Kxa4 89. Kd5 Kb4 90. Bh5 Nc5 91. Kd4 Nd7 92. Bg4 Nf6 93. Bf3 Bc7 94. Be2 g4 95. Bxg4 Nxg4 96. Kd5 Kb5 97. Kd4 Nf6 98. Kd3 Kc5 99. Ke3 Kd5 100. Kd3 Be5 101. Ke3 Bd4+ 102. Kf4 Ke6 103. Kg5 Be3+ 104. Kg6 Nd7 105. Kh5 Kf5 106. Kh4 Ne5 107. Kh5 Bf2 108. Kh6 Bh4 109. Kh5 Bd8 110. Kh6 Kg4 111. Kg7 Be7 112. Kh6 Kh4 113. Kg7 Kg5 114. Kh7 Ng4 115. Kg7 Nh6 116. Kh7 Bf8 117. Kh8 Kf6 118. Kh7 Nf5 119. Kg8 Bd6 120. Kh7 Kf7 121. Kh8 Bf8 122. Kh7 Ne3 123. Kh8 Ng4 0-1

[Event "Turkish Club Cup 2019"]
[Site "Konya"]
[Date "2019.07.18"]
[Round "5"]
[White "Yildiz, Tunahan"]
[Black "Aktas, Oguz Kagan"]
[Result "1-0"]
[ECO "C50"]
[WhiteElo "1719"]
[BlackElo "1185"]
[Annotator "NA RC"]
[PlyCount "121"]
[EventDate "2019.07.16"]
[EventType "team-tourn"]
[EventCountry "TUR"]
[SourceTitle "playchess.com"]
[Source "ChessBase"]
[SourceQuality "1"]
[TimeControl "5400+30"]

1. d4 d6 2. Nf3 Nd7 3. e4 e5 4. Bc4 Be7 5. O-O Ngf6 6. Nc3 exd4 7. Nxd4 Ne5 8. Bb3 O-O 9. h3 b6 10. f4 Ng6 11. Nc6 Qe8 12. Nxe7+ Nxe7 13. e5 dxe5 14. fxe5 Nd7 15. Rxf7 Rxf7 16. e6 Ne5 17. exf7+ Nxf7 18. Nb5 Bb7 19. Nxc7 Qc6 20. Bxf7+ Kh8 21. Qg4 Qxc7 22. Bf4 Qc5+ 23. Kh2 Rf8 24. Bb3 Ng6 25. Bg3 Ne5 26. Qe2 Re8 27. Qf2 Qxf2 28. Bxf2 Rf8 29. Bg3 Ng6 30. Rd1 Bc6 31. Bc7 h5 32. Rd8 Rxd8 33. Bxd8 Nf4 34. g3 Ne2 35. Bf7 Nd4 36. Bxh5 Nxc2 37. Kg1 Bd7 38. Bg4 Bxg4 39. hxg4 Ne3 40. g5 Nf5 41. Bc7 Kh7 42. Kf2 Kg6 43. Bf4 Ne7 44. Ke3 a5 45. Kd4 Nc6+ 46. Kc4 Na7 47. Kd5 b5 48. Kc5 Kf7 49. Kb6 Nc8+ 50. Kxb5 Ke6 51. Kxa5 Kd5 52. b4 Kc6 53. Ka6 Ne7 54. b5+ Kd7 55. b6 Nc6 56. b7 Nb4+ 57. Kb5 Nc6 58. b8=Q Nxb8 59. Bxb8 Kc8 60. Kc6 Kxb8 61. Kd7 1-0

[Event "Turkish Club Cup 2019"]
[Site "Konya"]
[Date "2019.07.18"]
[Round "5"]
[White "Yatkin, Osman"]
[Black "Caputcuoglu, Zeki Berke"]
[Result "0-1"]
[ECO "E60"]
[WhiteElo "1692"]
[BlackElo "2010"]
[Annotator "NA"]
[PlyCount "92"]
[EventDate "2019.07.16"]
[EventType "team-tourn"]
[EventCountry "TUR"]
[SourceTitle "playchess.com"]
[Source "ChessBase"]
[SourceQuality "1"]
[TimeControl "5400+30"]

1. d4 Nf6 2. Nf3 g6 3. g3 Bg7 4. c4 O-O 5. Bg2 d6 6. O-O c6 7. b3 Qa5 8. Bb2 Qh5 9. Nbd2 Bg4 10. Re1 h6 11. Nf1 Nbd7 12. e4 e5 13. Qd3 exd4 14. Bxd4 Rad8 15. Rad1 Ne8 16. Bxg7 Nxg7 17. Rd2 Ne6 18. Qc3 Ne5 19. Nxe5 dxe5 20. f3 Bh3 21. Bxh3 Qxh3 22. Qxe5 Rxd2 23. Nxd2 Rd8 24. Qc3 h5 25. Qe3 Kg7 26. f4 h4 27. Nf1 hxg3 28. hxg3 Rh8 29. Re2 Qh1+ 30. Kf2 c5 31. Ke1 Nd4 32. Rf2 Rd8 33. e5 Qh5 34. g4 Qxg4 35. a3 Nc2+ 36. Rxc2 Qd1+ 37. Kf2 Qxc2+ 38. Kg1 Qd3 39. Qxc5 Qd4+ 40. Qxd4 Rxd4 41. Ne3 Rxf4 42. Nd5 Re4 43. Kf2 Rxe5 44. Kf3 Rxd5 45. cxd5 Kf6 46. Kf4 Ke7 0-1

[Event "Turkish Club Cup 2019"]
[Site "Konya"]
[Date "2019.07.18"]
[Round "5"]
[White "Uysal, Ugur"]
[Black "Uzgur, Arda"]
[Result "0-1"]
[ECO "E68"]
[WhiteElo "1689"]
[BlackElo "1480"]
[Annotator "NA"]
[PlyCount "102"]
[EventDate "2019.07.16"]
[EventType "team-tourn"]
[EventCountry "TUR"]
[SourceTitle "playchess.com"]
[Source "ChessBase"]
[SourceQuality "1"]
[TimeControl "5400+30"]

1. Nf3 Nf6 2. d4 g6 3. c4 Bg7 4. g3 O-O 5. Bg2 d6 6. O-O Nbd7 7. Nc3 c6 8. e4 Qc7 9. Re1 e5 10. b3 Rd8 11. Bb2 Nf8 12. h3 Ne6 13. d5 Nf8 14. Ba3 Ne8 15. Qd2 c5 16. Bb2 f5 17. Qe2 Nf6 18. Nd2 g5 19. exf5 Bxf5 20. Nde4 h6 21. Nxf6+ Bxf6 22. Ne4 Bg7 23. Qf3 Qf7 24. Bc3 Bxe4 25. Qxe4 Nd7 26. Rac1 a6 27. Qe2 b5 28. Ba5 Rf8 29. a3 e4 30. Bxe4 Bd4 31. Rf1 Rae8 32. Qc2 Ne5 33. Kg2 bxc4 34. bxc4 Nxc4 35. Qxc4 Rxe4 36. f3 Re5 37. Rcd1 Rfe8 38. Rd2 Qe7 39. Qxa6 Re2+ 40. Rxe2 Qxe2+ 41. Qxe2 Rxe2+ 42. Kh1 Re5 43. f4 Rxd5 44. fxg5 Rxg5 45. Kg2 Re5 46. Bc7 Re2+ 47. Kf3 Re3+ 48. Kf4 Re7 49. Rd1 Rxc7 50. Ke4 Be5 51. Kd5 c4 0-1

[Event "Turkish Club Cup 2019"]
[Site "Konya"]
[Date "2019.07.18"]
[Round "5"]
[White "Simsek, Meltem"]
[Black "Temel, Burcu Melis"]
[Result "1/2-1/2"]
[ECO "A37"]
[WhiteElo "1684"]
[BlackElo "1790"]
[Annotator "NA"]
[PlyCount "84"]
[EventDate "2019.07.16"]
[EventType "team-tourn"]
[EventCountry "TUR"]
[SourceTitle "playchess.com"]
[Source "ChessBase"]
[SourceQuality "1"]
[TimeControl "5400+30"]

1. Nf3 c5 2. c4 Nc6 3. g3 g6 4. Bg2 Bg7 5. O-O e5 6. d3 Nge7 7. Nc3 O-O 8. Rb1 d6 9. a3 a5 10. Bd2 Rb8 11. e3 h6 12. Nb5 Be6 13. Qc2 b6 14. Rfd1 d5 15. b4 axb4 16. axb4 cxb4 17. Bxb4 Nxb4 18. Rxb4 Nc6 19. Ra4 Na5 20. cxd5 Bxd5 21. Rb4 Qe7 22. Qb1 Rfc8 23. d4 Bf8 24. Rb2 Nc4 25. Re2 e4 26. Nd2 f5 27. Nxc4 Bxc4 28. Rb2 Ra8 29. Bf1 Bd5 30. Rc1 Qd7 31. Rxc8 Rxc8 32. Rc2 Rxc2 33. Qxc2 Qc6 34. Qxc6 Bxc6 35. Bc4+ Kg7 36. Kf1 Bb4 37. Ke2 Kf6 38. Nc7 Ke7 39. Nd5+ Bxd5 40. Bxd5 Kf6 41. h3 Kg5 42. Bc6 Ba5 1/2-1/2